 Dungeon Crawl Stone Soup version 0.28.0 (webtiles) character file.

Game seed: 7507214660811189493

764 Masnef the Blocker (level 7, -2/51 HPs)
             Began as a Gnoll Wanderer on Feb 5, 2022.
             Was a Believer of the Shining One.
             Killed from afar by Ijyb (12 damage)
             ... with an iceblast
             ... on level 5 of the Dungeon.
             The game lasted 00:08:48 (4903 turns).

Masnef the Blocker (Gnoll Wanderer)                 Turns: 4903, Time: 00:08:48

Health: -2/51      AC:  4    Str: 12    XL:     7   Next: 81%
Magic:  12/13      EV: 13    Int: 10    God:    the Shining One [**....]
Gold:   272        SH:  6    Dex: 14    Spells: 13/14 levels left

rFire   . . .      SeeInvis +   d - +2 dagger (venom)
rCold   . . .      Faith    .   b - +0 buckler
rNeg    + . .      Spirit   .   o - +1 animal skin
rPois   .          Reflect  .   u - +0 hat {SInv}
rElec   .          Harm     .   q - +0 cloak
rCorr   .          Rampage  .   (no gloves)
Will    .....                   (no boots)
Stlth   +.........              (no amulet)
HPRegen 0.17/turn               (no ring)
MPRegen 0.13/turn               (no ring)

@: glowing
A: fangs 1, strong nose, distributed training
a: Renounce Religion, Divine Shield


You were on level 5 of the Dungeon.
You worshipped the Shining One.
The Shining One was pleased with you.
You visited 1 branch of the dungeon, and saw 5 of its levels.

You collected 272 gold pieces.

Inventory:

Hand Weapons
 a - a +0 falchion
 d - a +2 dagger of venom (weapon)
 n - a +2 falchion of freezing
 r - a +4 quarterstaff of chaos
Missiles
 y - 7 poisoned darts
Armour
 b - a +0 buckler (worn)
 c - a +0 robe
 l - an orb of guile
 o - a +1 animal skin (worn)
 p - a +2 helmet
 q - a +0 cloak (worn)
 u - a +0 hat of see invisible (worn)
Scrolls
 e - a scroll of teleportation
 f - a scroll of enchant weapon {unknown}
 j - a scroll of noise {unknown}
 k - a scroll of fog
 m - a scroll of magic mapping
Potions
 g - a potion of invisibility
 h - a potion of heal wounds
 s - a potion of degeneration {unknown}
 t - a potion of resistance {unknown}
 v - a potion of experience {unknown}
 w - a potion of haste {unknown}
 x - a potion of curing
 z - a potion of flight {unknown}


   Skills:
 + Level 2.7 Fighting
 + Level 2.7 Short Blades
 + Level 3.8 Long Blades
 + Level 2.7 Axes
 + Level 2.7 Maces & Flails
 + Level 2.7 Polearms
 + Level 2.7 Staves
 + Level 2.7 Slings
 + Level 2.7 Bows
 + Level 2.7 Crossbows
 + Level 2.7 Throwing
 + Level 2.7 Armour
 + Level 3.8 Dodging
 + Level 2.7 Stealth
 + Level 9.0 Shields
 + Level 2.7 Unarmed Combat
 + Level 4.0 Spellcasting
 + Level 2.2 Conjurations
 + Level 2.2 Hexes
 + Level 2.2 Summonings
 + Level 2.2 Necromancy
 + Level 2.2 Translocations
 + Level 2.2 Transmutations
 + Level 2.2 Fire Magic
 + Level 4.4 Ice Magic
 + Level 2.2 Air Magic
 + Level 2.2 Earth Magic
 + Level 2.2 Poison Magic
 + Level 4.0 Invocations
 + Level 2.7 Evocations


You had 13 spell levels left.
You knew the following spells:

 Your Spells              Type           Power      Damage    Failure   Level
a - Freeze                Ice            40%        1d6       4%          1

Your spell library contained the following spells:

 Spells                   Type           Power      Damage    Failure   Level
 Ensorcelled Hibernation  Hex/Ice        16%        N/A       12%         2
 Ozocubu's Armour         Ice            10%        N/A       16%         3


Dungeon Overview and Level Annotations

Branches:
Dungeon (5/15)
 Temple: D:4-7

Altars:
The Shining One

Annotations:
D:5 Ijyb, Menkaure


Innate Abilities, Weirdness & Mutations

You have very sharp teeth.
Your uncanny sense of smell can sniff out nearby items.
Your experience applies equally to all skills.


Message History

You block Edmund's attack.
You barely miss Edmund. You bite Edmund, but do no damage.
Edmund is severely wounded.
You block Edmund's attack.
You hit Edmund. You freeze Edmund.
Edmund is severely wounded.
You block Edmund's attack.
You feel better.
Edmund hits you with a +2 flail of holy wrath.
Your +2 falchion of freezing stops glowing.
Your +2 dagger of venom begins to drip with poison!
d - a +2 dagger of venom (weapon)
Edmund hits you with a +2 flail of holy wrath!
* * * LOW HITPOINT WARNING * * *
Edmund looks more healthy.
You feel better.
Edmund hits you with a +2 flail of holy wrath!
* * * LOW HITPOINT WARNING * * *
You hit Edmund.
You kill Edmund!
Your Spellcasting skill increases to level 4!
Your Invocations skill increases to level 4!
Unknown command.
Okay, then.
As you read the scroll labelled KAPTYR XEGET, it crumbles to dust.
It is a scroll of identify.
h - a potion of heal wounds
As you read the scroll labelled EMEASUA DOCRA, it crumbles to dust.
You feel strangely unstable.
It was a scroll of teleportation.
As you read the scroll of identify, it crumbles to dust.
g - a potion of invisibility
As you read the scroll of identify, it crumbles to dust.
m - a scroll of magic mapping Your surroundings suddenly seem different.
Found a potion of heal wounds.
Found a stone staircase leading up.
Menkaure shouts!
Ijyb the Twisted Goblin comes into view.
She is wielding a +4 spectral club and carrying a wand of iceblast (14).
Ijyb shouts!
Ijyb zaps a wand.
The mass of ice explodes!
The iceblast engulfs you!
You die...

##........##
#...@.5....#
#..........#
#..........#
#..........# .
#..........#.. ..g
##......).....
....!######.....<...M#
.<.....@............>#
..........(...M......#
......................#
.....#####............#
....# ##.........#...
.... ##.......####. .##
###....## # .. #. ..


You could see Ijyb and Menkaure.

Vanquished Creatures
  Sigmund (D:2)
  Edmund (D:5)
  A necrophage (D:4)
  A kobold brigand (D:4)
  A water moccasin skeleton (D:4)
  Crazy Yiuf (D:2)
  2 hounds (D:4)
  A jelly (D:3)
  A hound skeleton (D:4)
  Robin (D:2)
  4 gnolls (D:4)
  5 adders
  2 ufetubi
  2 worms
  A dart slug (D:2)
  6 orcs
  3 endoplasms (D:1)
  4 giant cockroaches
  15 goblins
  16 hobgoblins
  2 jackals (D:4)
  4 quokkas
  7 ball pythons
  4 bats
  3 frilled lizards
  4 kobolds
  5 rats
98 creatures vanquished.

Notes
Turn   | Place    | Note
-------+----------+-------------------------------------------
     0 | D:1      | Masnef the Gnoll Wanderer began the quest for the Orb.
     0 | D:1      | Masnef set off with the following items: a +0 falchion, a
                  | +0 buckler, a +0 robe; and the following spell memorised:
                  | Freeze; and the following spells available to memorise:
                  | Ozocubu's Armour, Ensorcelled Hibernation
     0 | D:1      | Reached XP level 1. HP: 13/13 MP: 4/4
   481 | D:1      | Found a faded altar of an unknown god.
   486 | D:1      | Reached XP level 2. HP: 19/19 MP: 5/5
   495 | D:1      | Prayed at the altar of an unknown god.
   495 | D:1      | Became a worshipper of the Shining One
   495 | D:1      | Reached * piety under the Shining One
  1074 | D:2      | Reached XP level 3. HP: 16/25 MP: 7/7
  1617 | D:2      | Reached skill level 1 in Fighting
  1617 | D:2      | Reached skill level 1 in Short Blades
  1617 | D:2      | Reached skill level 1 in Axes
  1617 | D:2      | Reached skill level 1 in Maces & Flails
  1617 | D:2      | Reached skill level 1 in Polearms
  1617 | D:2      | Reached skill level 1 in Staves
  1617 | D:2      | Reached skill level 1 in Slings
  1617 | D:2      | Reached skill level 1 in Bows
  1617 | D:2      | Reached skill level 1 in Crossbows
  1617 | D:2      | Reached skill level 1 in Throwing
  1617 | D:2      | Reached skill level 1 in Armour
  1617 | D:2      | Reached skill level 1 in Stealth
  1617 | D:2      | Reached skill level 1 in Unarmed Combat
  1617 | D:2      | Reached skill level 1 in Evocations
  1632 | D:2      | Reached XP level 4. HP: 29/32 MP: 8/8
  1800 | D:2      | Noticed Robin
  1920 | D:2      | Killed Robin
  2207 | D:2      | Noticed Sigmund
  2220 | D:2      | Killed Sigmund
  2221 | D:2      | Reached skill level 1 in Conjurations
  2221 | D:2      | Reached skill level 1 in Hexes
  2221 | D:2      | Reached skill level 1 in Summonings
  2221 | D:2      | Reached skill level 1 in Necromancy
  2221 | D:2      | Reached skill level 1 in Translocations
  2221 | D:2      | Reached skill level 1 in Transmutations
  2221 | D:2      | Reached skill level 1 in Fire Magic
  2221 | D:2      | Reached skill level 1 in Air Magic
  2221 | D:2      | Reached skill level 1 in Earth Magic
  2221 | D:2      | Reached skill level 1 in Poison Magic
  2221 | D:2      | Reached XP level 5. HP: 31/38 MP: 8/10
  2221 | D:2      | Reached XP level 6. HP: 36/44 MP: 8/11
  2427 | D:2      | Found a runed translucent door.
  2428 | D:2      | Noticed Crazy Yiuf
  2444 | D:2      | Killed Crazy Yiuf
  2796 | D:3      | Reached ** piety under the Shining One
  3876 | D:4      | Reached XP level 7. HP: 37/50 MP: 12/12
  4730 | D:5      | Entered Level 5 of the Dungeon
  4730 | D:5      | Noticed Menkaure
  4731 | D:5      | Noticed Edmund
  4877 | D:5      | Reached skill level 9 in Shields
  4898 | D:5      | Killed Edmund
  4903 | D:5      | Noticed Ijyb
  4903 | D:5      | Killed from afar by Ijyb

Illustrated notes

Levels and vault maps discovered:
D:1:      dpeg_arrival_tiny_k, layout_loops_ring, ebering_ecumenical_altar_box,
          minmay_crystal_water
D:2:      cheibrodos_greedy_goblins, layout_basic, uniq_robin,
          uniq_crazy_yiuf_cottage, uniq_sigmund
D:3:      layout_basic
D:4:      layout_gridville, minmay_tree_intersection, minmay_box_of_dots
D:5:      layout_rooms, uniq_edmund, uniq_menkaure, uniq_ijyb

Skill      XL: |  1  2  3  4  5  6  7 |
---------------+----------------------+-----
Fighting       | 1 2 |  2.7
Short Blades   | 1 2 |  2.7
Axes           | 1 2 |  2.7
Maces & Flails | 1 2 |  2.7
Polearms       | 1 2 |  2.7
Staves         | 1 2 |  2.7
Slings         | 1 2 |  2.7
Bows           | 1 2 |  2.7
Crossbows      | 1 2 |  2.7
Throwing       | 1 2 |  2.7
Armour         | 1 2 |  2.7
Stealth        | 1 2 |  2.7
Unarmed Combat | 1 2 |  2.7
Evocations     | 1 2 |  2.7
Spellcasting   | 3 4 |  4.0
Long Blades    | 3 |  3.8
Dodging        | 3 |  3.8
Conjurations   | 1 2 |  2.2
Hexes          | 1 2 |  2.2
Summonings     | 1 2 |  2.2
Necromancy     | 1 2 |  2.2
Translocations | 1 2 |  2.2
Transmutations | 1 2 |  2.2
Fire Magic     | 1 2 |  2.2
Ice Magic      | 4 |  4.4
Air Magic      | 1 2 |  2.2
Earth Magic    | 1 2 |  2.2
Poison Magic   | 1 2 |  2.2
Invocations    | 3 4 |  4.0
Shields        | 9 |  9.0

Action                   |  1- 3 |  4- 6 |  7- 9 || total
-------------------------+-------+-------+-------++-------
Melee: Falchion          |    27 |     3 |    31 ||    61
       Bite              |     7 |    16 |    13 ||    36
       Dagger            |    56 |   124 |    49 ||   229
Throw: Dart              |       |       |     1 ||     1
  Use: Potion            |     1 |       |     2 ||     3
       Scroll            |       |     1 |     4 ||     5
 Stab: Sleeping          |     1 |       |       ||     1
Armor: Robe              |    16 |     2 |       ||    18
       Animal skin       |       |    18 |    15 ||    33
Dodge: Dodged            |    40 |    61 |    63 ||   164
Block: Buckler           |    25 |    24 |    23 ||    72
